 Dungeon Crawl Stone Soup version 0.23-a0-375-g66a18ee0fb (webtiles) character file.

144 Kaname the Conjurer (level 5, 35/35 HPs)
             Began as a Demonspawn Wizard on Oct 27, 2018.
             Quit the game on level 3 of the Dungeon.
             The game lasted 00:08:42 (2327 turns).

Kaname the Conjurer (Demonspawn Wizard)             Turns: 2327, Time: 00:08:43

Health: 35/35      AC:  9    Str:  7    XL:     5   Next: 5%
Magic:  6/9        EV: 12    Int: 20    God:
Gold:   139        SH:  0    Dex: 12    Spells: 1/10 levels left

rFire    . . .     SeeInvis .   n - +0 spear
rCold    . . .     Gourm    .   (no shield)
rNeg     . . .     Faith    .   a - +0 robe
rPois    +         Spirit   .   m - +0 helmet
rElec    .         Reflect  .   (no cloak)
rCorr    .         Harm     .   q - +2 pair of gloves
MR       .....                  (no boots)
Stlth    ++........             (no amulet)
HPRegen  0.11/turn              r - ring of poison resistance
MPRegen  0.11/turn              (no ring)

@: no status effects
A: icy blue scales 2, demonic guardian 1, spiny 1
a: no special abilities


You were on level 3 of the Dungeon.
You were not hungry.

You visited 1 branch of the dungeon, and saw 3 of its levels.

You collected 139 gold pieces.

Inventory:

Hand Weapons
 n - a +0 spear (weapon)
Armour
 a - a +0 robe (worn)
 b - a +0 hat
 m - a +0 helmet (worn)
 q - a +2 pair of gloves (worn)
Jewellery
 r - a ring of poison resistance (left hand)
Wands
 l - a wand of random effects (17)
Scrolls
 c - a scroll of blinking {unknown}
 e - 2 scrolls of teleportation {unknown}
 f - 3 scrolls of remove curse {unknown}
 h - 5 scrolls of identify {unknown}
 k - 2 scrolls of magic mapping {unknown}
Potions
 g - a potion of mutation {unknown}
 i - 2 potions of flight {unknown}
 j - a potion of invisibility {unknown}
 o - a potion of curing {unknown}
 p - a potion of might
Comestibles
 d - 4 rations


   Skills:
 - Level 1.7 Dodging
 - Level 1.7 Stealth
 - Level 3.0 Spellcasting
 + Level 5.0 Conjurations
   Level 1.0 Summonings
 - Level 0.8 Translocations


You had one spell level left.
You knew the following spells:

 Your Spells              Type           Power        Failure   Level  Hunger
a - Magic Dart            Conj           ###.         1%          1    None
b - Blink                 Tloc           N/A          16%         2    ##.....
c - Mephitic Cloud        Conj/Pois/Air  #.......     22%         3    ###....
d - Conjure Flame         Conj/Fire      ##......     16%         3    ###....

Your spell library contained the following spells:

 Spells                   Type           Power        Failure   Level  Hunger
 Call Imp                 Summ           #.......     14%         2    ##.....
 Slow                     Hex            #.......     22%         2    ##.....


Dungeon Overview and Level Annotations

Branches:
Dungeon (3/15)

Altars:


Innate Abilities, Weirdness & Mutations

You are mostly covered in icy blue scales. (AC +3)
A weak demonic guardian rushes to your aid.
You are partially covered in sharp spines.


Message History

The goblin is struck by your spines. The goblin hits you but does no damage.
Ijyb drinks a potion.
Ijyb seems to grow stronger.
Your iron imp hits Ijyb.
Casting: Magic Dart (safe; 1% risk of failure)
Confirm with . or Enter, or press ? or * to list all spells.
Aiming: Magic Dart (safe; 1% risk of failure)
Press: ? - help, Shift-Dir - straight line, f - Ijyb
Aim: Ijyb, wearing a +0 ring mail and carrying a wand of iceblast (5) (almost The magic dart hits Ijyb.
Ijyb is almost dead.
The goblin is struck by your spines.
You kill the goblin!
Ijyb screams, "I no like you!" Ijyb barely misses you.
Your iron imp hits Ijyb.
Ijyb dies!
Your Conjurations skill increases to level 5!
You have reached level 5!
Your demonic ancestry asserts itself...
Icy blue scales spread over more of your body.
No target in view!
Are you sure you want to abandon this character and quit the game? (Confirm

#[...............#
######...........#
#....รท)..####
#..(..(..# #####
#......(.# #....
##..##'#.#####.###
########...#.#..........
.........#.#.#.#####.###
#....5[@...#.#.#####.#..
#8....)8##.#)#.#.....#..
#.....))##...#.#.#######
#8.....8##...#.#.#
#.......##...#.#.#
#8.....8##.#.#.#.#
#.......##.#.# #.#
#8.....8##.#(# #.# #.#.#
#.#


You could see a friendly iron imp.

Vanquished Creatures
  2 adders
  3 gnolls (D:2)
  2 oozes (D:2)
  3 worms (D:3)
  3 dart slugs
  3 leopard geckos
  4 giant cockroaches
  14 goblins
  10 hobgoblins
  A quokka (D:3)
  A ball python (D:2)
  4 bats
  3 frilled lizards
  9 kobolds
  9 rats
71 creatures vanquished.

Vanquished Creatures (collateral kills)
  Ijyb (D:3)
  A goblin (D:3)
  A kobold (D:2)
3 creatures vanquished.

Vanquished Creatures (others)
  A ball python (D:1)
1 creature vanquished.

Grand Total: 75 creatures vanquished

Notes
Turn   | Place    | Note
-------+----------+-------------------------------------------
     0 | D:1      | Kaname the Demonspawn Wizard began the quest for the Orb.
     0 | D:1      | Reached XP level 1. HP: 13/13 MP: 4/4
   263 | D:1      | Reached skill level 2 in Conjurations
   297 | D:1      | Gained mutation: You are partially covered in icy blue
                  | scales. (AC +2) [demonic ancestry]
   297 | D:1      | Reached XP level 2. HP: 19/19 MP: 4/6
   719 | D:1      | Reached skill level 3 in Conjurations
   722 | D:1      | Gained mutation: A weak demonic guardian rushes to your
                  | aid. [demonic ancestry]
   722 | D:1      | Reached XP level 3. HP: 21/24 MP: 3/7
   916 | D:1      | Learned a level 2 spell: Blink
   920 | D:1      | Learned a level 3 spell: Mephitic Cloud
  1341 | D:2      | Gained mutation: You are partially covered in sharp spines.
                  | [demonic ancestry]
  1341 | D:2      | Reached XP level 4. HP: 29/30 MP: 0/8
  1448 | D:2      | Reached skill level 4 in Conjurations
  1455 | D:2      | Learned a level 3 spell: Conjure Flame
  2312 | D:3      | Noticed Ijyb
  2326 | D:3      | Killed Ijyb
  2326 | D:3      | Reached skill level 5 in Conjurations
  2326 | D:3      | Gained mutation: You are mostly covered in icy blue scales.
                  | (AC +3) [demonic ancestry]
  2326 | D:3      | Reached XP level 5. HP: 35/35 MP: 6/9
  2327 | D:3      | Quit the game

Vault maps used:
D:1:      onia_arrival_larder
D:3:      kennysheep_the_goblin_king, marbit_many_paths, uniq_jessica

Skill      XL: |  1  2  3  4 |
---------------+-------------+-----
Conjurations   | 2 3 5 |  5.0
Dodging        | |  1.7
Stealth        | |  1.7
Spellcasting   | |  3.0
Summonings     | |  1.0
Translocations | |  0.8

Action                   |  1- 3 |  4- 6 || total
-------------------------+-------+-------++-------
Melee: Unarmed           |     7 |       ||     7
       Whip              |    19 |       ||    19
       Club              |     2 |       ||     2
       Spear             |       |    68 ||    68
 Cast: Magic Dart        |    85 |    25 ||   110
 Stab: Sleeping          |     1 |     2 ||     3
  Eat: Chunk             |     1 |     3 ||     4
Armor: Robe              |    16 |    13 ||    29
Dodge: Dodged            |    34 |    23 ||    57

Table legend:
 A = Non-vault XP
 B = Vault XP
 C = Vault XP percentage of total XP
 D = Non-vault monster count
 E = Vault monster count
 F = Vault count percentage of total count
                 A         B        C        D         E       F
            +---------+---------+-------+---------+---------+-------
      Total |     173 |      34 |  16.4 |      62 |      12 |  16.2
            +---------+---------+-------+---------+---------+-------
        D:1 |      37 |       7 |  15.9 |      19 |       5 |  20.8
        D:2 |      88 |       0 |   0.0 |      28 |       0 |   0.0
        D:3 |      48 |      27 |  36.0 |      15 |       7 |  31.8
            +---------+---------+-------+---------+---------+-------
